 Dungeon Crawl Stone Soup version 0.27-a0-988-g25969acef8 (webtiles) character file.

Game seed: 17570487035826930641

1276 Lanoc the Charlatan (level 8, -5/61 HPs)
             Began as a Demonspawn Artificer on Apr 15, 2021.
             Was a Believer of Ru.
             Slain by a hornet (9 damage)
             ... while paralysed by a hornet
             ... on level 6 of the Dungeon.
             The game lasted 00:10:47 (5788 turns).

Lanoc the Charlatan (Demonspawn Artificer)          Turns: 5788, Time: 00:10:48

Health: -5/61      AC:  7    Str: 14    XL:     8   Next: 29%
Magic:  8/8        EV:  2    Int: 12    God:    Ru [**....]
Gold:   271        SH:  0    Dex: 15    Spells: 7/7 levels left

rFire    . . .     SeeInvis .   a - +3 lajatang (elec)
rCold    + . .     Faith    .   (shield currently unavailable)
rNeg     + . .     Spirit   .   j - +2 robe {rC+}
rPois    .         Reflect  .   (helmet restricted)
rElec    .         Harm     .   u - +2 cloak
rCorr    .         Rampage  .   (no gloves)
Will     +....                  (no boots)
Stlth    ..........             (no amulet)
HPRegen  0.20/turn              o - ring of willpower
MPRegen  0.11/turn              s - ring of positive energy

@: paralysed, lethally poisoned (-5 -> -8)
A: antennae 2, powered by death 3, no stealth, no hexes magic, no ice magic, no
summoning magic
a: Renounce Religion


You were on level 6 of the Dungeon.
You worshipped Ru.
Ru was pleased with you.
You visited 2 branches of the dungeon, and saw 7 of its levels.
You also visited: Sewer.

You collected 271 gold pieces.

Inventory:

Hand Weapons
 a - a +3 lajatang of electrocution (weapon)
Armour
 j - a +2 robe of cold resistance (worn)
 u - a +2 cloak (worn)
Jewellery
 b - a ring of wizardry
 o - a ring of willpower (left hand)
 s - a ring of positive energy (right hand)
 w - a ring of fire
Wands
 c - a wand of flame (8)
 d - a wand of charming (10) (quivered)
 t - a wand of polymorph (3)
Scrolls
 f - a scroll of enchant armour
 k - 3 scrolls of teleportation
 q - a scroll of magic mapping
 r - a scroll of enchant weapon
 x - a scroll of fear
 y - 2 scrolls of noise {unknown}
Potions
 g - 2 potions of berserk rage {unknown}
 h - 8 potions of heal wounds
 i - 5 potions of brilliance {unknown}
 l - 2 potions of curing
 m - a potion of mutation
 n - 2 potions of flight
 p - a potion of cancellation
 v - a potion of haste {unknown}
 z - a potion of invisibility
 A - a potion of attraction {unknown}
Miscellaneous
 e - a piece from Xom's chessboard (15/15)


   Skills:
 + Level 4.4 Fighting
 + Level 4.3 Armour
 + Level 4.0 Dodging
 * Level 7.1 Evocations


You had 7 spell levels left.
You didn't know any spells.
Your spell library contained the following spells:

 Spells                   Type           Power      Damage    Failure   Level
 Magic Dart               Conj           0%         1d3       32%         1
 Blink                    Tloc           N/A        N/A       45%         2
 Searing Ray              Conj           0%         3d3       45%         2
 Conjure Flame            Conj/Fire      0%         6-21      69%         3
 Mephitic Cloud           Conj/Pois/Air  0%         N/A       69%         3
 Iskenderun's Mystic Bla  Conj/Tloc      0%         2d3       97%         4
 Call Imp                 Summ           Unusable   N/A       N/A         2
 Slow                     Hex            Unusable   N/A       N/A         2
 Dazzling Flash           Conj/Hex       Unusable   N/A       N/A         3
 Fulminant Prism          Conj/Hex       Unusable   3d6       N/A         4

Dungeon Overview and Level Annotations

Branches:
Dungeon (6/15)             Temple (1/1) D:5           Sewer (visited)

Altars:
Cheibriados
Elyvilon
Kikubaaqudgha
Makhleb
Nemelex Xobeh
Qazlal
Ru
Sif Muna
Trog
Vehumet
Xom
Yredelemnul
Zin
The Shining One

Shops:
D:6 :


Innate Abilities, Weirdness & Mutations

You have a pair of antennae on your head.
You regenerate a lot of health from kills.
You cannot be stealthy.
You cannot study or cast Hexes magic.
You cannot study or cast Ice magic.
You cannot study or cast Summoning magic.


Message History

A kobold comes into view. It is wielding a +0 dagger.
A kobold comes into view. It is wielding a +0 short sword.
The hornet closely misses you.
There is an open door here.
Aiming: Charm
Press: ? - help, Q - select action, (/) - cycle Shift-Dir - straight line, f - hornet
Aim: a hornet (chance to affect: 58%)
The hornet resists with significant effort.
The kobold shouts!
You hear a shout!
The hornet stings you.
You are poisoned.
You suddenly lose the ability to move!
The hornet stings you!
You feel yourself slow down.
You feel yourself speed up.
You feel very sick. The hornet stings you.
You feel yourself slow down.
You feel sick. The hornet stings you!
You shrug off the repeated paralysis!
A kobold comes into view. It is wielding a +0 short sword.
The hornet completely misses you.
You can move again.
Aiming: Charm
Press: ? - help, Q - select action, (/) - cycle Shift-Dir - straight line, f/p - hornet
Aim: a hornet (chance to affect: 58%)
The hornet resists with significant effort.
You feel yourself speed up.
You feel sick. The hornet stings you!
* * * LOW HITPOINT WARNING * * *
You shrug off the repeated paralysis!
The hornet closely misses you.
Aiming: Charm
Press: ? - help, Shift-Dir - straight line, f/p - hornet
Aim: a hornet (chance to affect: 58%)
The hornet resists with significant effort.
You feel sick. The hornet stings you!
* * * LOW HITPOINT WARNING * * *
You suddenly lose the ability to move!
A scorpion comes into view.
* * * LOW HITPOINT WARNING * * *
You feel sick. The hornet barely misses you. The hornet stings you!
You die...

####.###
#.......# #...#
#......## ###.#
#..(..... #.####
#)....### #....#
#.....# # ####.#
####### # #.# #
#.# # #@# .# #
########y#...# #
#......ZS.{{.# #
#........KK..#
#...........{#
#......(.......
############....
.... ...


You could see a hornet, an adder, 2 kobolds and a howler monkey skeleton.

Vanquished Creatures
  An orc warrior (D:6)
  2 necrophages
  An ogre (D:4)
  A phantom (D:5)
  2 kobold brigands (Sewer)
  A scorpion (D:4)
  A bullfrog zombie (D:5)
  A centaur zombie (D:6)
  2 hounds
  3 jellies
  An orc priest (D:5)
  A bullfrog skeleton (D:5)
  Jessica (D:2)
  2 iguanas
  2 orc wizards (D:5)
  A hound skeleton (D:5)
  8 adders
  3 gnolls (D:6)
  A howler monkey skeleton (D:4)
  A white imp (D:5)
  An ufetubus (D:5)
  2 worms
  5 dart slugs
  6 orcs
  8 bats
  11 endoplasms
  3 giant cockroaches
  10 hobgoblins
  4 jackals (D:2)
  A quokka (D:2)
  9 ball pythons
  5 frilled lizards
  4 goblins
  18 kobolds
  7 rats
130 creatures vanquished.

Vanquished Creatures (collateral kills)
  A scorpion (D:4)
  An orc wizard (D:6)
  4 orcs
6 creatures vanquished.

Vanquished Creatures (others)
  A gnoll (D:6)
  A kobold (Sewer)
  A plant (Sewer)
3 creatures vanquished.

Grand Total: 139 creatures vanquished

Notes
Turn   | Place    | Note
-------+----------+-------------------------------------------
     0 | D:1      | Lanoc the Demonspawn Artificer began the quest for the Orb.
     0 | D:1      | Reached XP level 1. HP: 15/15 MP: 1/1
   310 | D:1      | Reached skill level 1 in Dodging
   512 | D:1      | Gained mutation: You regenerate a little health from kills.
                  | [demonic ancestry]
   512 | D:1      | Reached XP level 2. HP: 19/21 MP: 2/2
  1029 | D:2      | Noticed Jessica
  1036 | D:2      | Killed Jessica
  1037 | D:2      | Gained mutation: You have a pair of small antennae on your
                  | head. [demonic ancestry]
  1037 | D:2      | Reached XP level 3. HP: 25/27 MP: 3/3
  1160 | D:2      | Found a sparkling altar of Nemelex Xobeh.
  1428 | D:2      | Gained mutation: You regenerate health from kills. [demonic
                  | ancestry]
  1428 | D:2      | Reached XP level 4. HP: 26/33 MP: 4/4
  1525 | D:2      | Found a faded altar of an unknown god.
  1531 | D:2      | Became a worshipper of Ru the Awakened
  1546 | D:2      | Gained mutation: You cannot study or cast Ice magic. [Ru
                  | sacrifice]
  1546 | D:2      | Gained mutation: You cannot study or cast Hexes magic. [Ru
                  | sacrifice]
  1546 | D:2      | Gained mutation: You cannot study or cast Summoning magic.
                  | [Ru sacrifice]
  1546 | D:2      | Reached * piety under Ru
  1715 | D:2      | Reached skill level 4 in Evocations
  2043 | D:3      | Identified a scroll of acquirement
  2043 | D:3      | Acquired a +2 lajatang of electrocution
  2265 | D:3      | Found a stormy altar of Qazlal.
  2319 | D:3      | Found a glowing drain.
  2322 | D:3      | Reached XP level 5. HP: 33/38 MP: 5/5
  2333 | Sewer    | Entered a sewer
  2518 | Sewer    | Reached XP level 6. HP: 23/46 MP: 6/6
  2985 | D:3      | Reached skill level 5 in Evocations
  3256 | D:3      | Found a sacrificial altar of Ru.
  3725 | D:4      | Noticed an angel
  3778 | D:4      | Gained mutation: You cannot be stealthy. [Ru sacrifice]
  3778 | D:4      | Reached ** piety under Ru
  3934 | D:4      | Gained mutation: You have a pair of antennae on your head.
                  | [demonic ancestry]
  3934 | D:4      | Reached XP level 7. HP: 49/52 MP: 7/7
  3984 | D:4      | Found a large runed translucent door.
  3985 | D:4      | Found a large runed translucent door.
  4184 | D:4      | Found a bloodstained altar of Trog.
  4190 | D:4      | Found a snail-covered altar of Cheibriados.
  4228 | D:5      | Entered Level 5 of the Dungeon
  4241 | D:5      | Found a staircase to the Ecumenical Temple.
  4597 | D:5      | Reached skill level 6 in Evocations
  5459 | Temple   | Entered the Ecumenical Temple
  5610 | D:6      | Gained mutation: You regenerate a lot of health from kills.
                  | [demonic ancestry]
  5610 | D:6      | Reached XP level 8. HP: 58/60 MP: 8/8
  5653 | D:6      | Found Qoot's Book Boutique.
  5716 | D:6      | Reached skill level 7 in Evocations
  5778 | D:6      | Noticed a hornet
  5783 | D:6      | Paralysed by a hornet for 3 turns
  5787 | D:6      | Paralysed by a hornet for 3 turns
  5788 | D:6      | Slain by a hornet

Illustrated notes

Levels and vault maps discovered:
D:1:      matt_arrival_debris, layout_basic, serial_bayou_pond_a,
          minmay_surrounded
D:2:      layout_loops_ring, hellmonk_ecumenical_altar_crossroads, basic_altar,
          minmay_hexomino_c4, uniq_jessica
D:3:      layout_loops_ring, grunt_qazlal_clouds, lemuel_crystal_altar,
          portal_sewer_entry_d
D:4:      layout_cave_pools, zin_angel, jmf_multi_god_temple2
D:5:      layout_basic, minmay_temple_entry_water_ring, hangedman_glass_garden,
          hangedman_glass_teeth, fountainhead
D:6:      layout_basic, riverfiend_overflow_shadow_ancestor, serial_shops, shop,
          uniq_sigmund
Temple:   nicolae_temple_x_marks_the_god

Skill      XL: |  1  2  3  4  5  6  7  8 |
---------------+-------------------------+-----
Dodging        | 1 2 3 4 |  4.0
Armour         | 2 3 4 |  4.3
Fighting       | 2 3 4 |  4.4
Evocations     | 4 5 6 7 |  7.1

Action                   |  1- 3 |  4- 6 |  7- 9 || total
-------------------------+-------+-------+-------++-------
Melee: Rapier            |   112 |    38 |       ||   150
       Club              |     8 |       |       ||     8
       Lajatang          |       |   139 |   100 ||   239
Invok: Sacrifice Arcana  |       |     1 |       ||     1
       Sacrifice Stealth |       |     1 |       ||     1
Evoke: Wand              |     1 |     7 |     4 ||    12
       Piece from Xom's  |     2 |     3 |       ||     5
  Use: Scroll            |       |     9 |     3 ||    12
       Potion            |       |     1 |       ||     1
 Stab: Sleeping          |       |     6 |       ||     6
       Distracted        |       |     1 |       ||     1
       Invisible         |       |       |     1 ||     1
       Betrayed ally     |       |       |     1 ||     1
Armor: Leather armour    |    31 |       |       ||    31
       Robe              |     6 |    47 |    27 ||    80
Dodge: Dodged            |    75 |   140 |    68 ||   283

Table legend: (Time is in decaauts)
 A = Elapsed time spent in this place.
 B = Non-inter-level travel time spent in this place.
 C = Inter-level travel time spent in this place.
 D = Time resting spent in this place.
 E = Time spent auto-exploring this place.
 F = Levels seen in this place.
 G = Mean time per level.
                   A        B        C        D        E       F      G
               +--------+--------+--------+--------+--------+-----+--------+
         Total |   5945 |   5770 |    175 |    192 |   4267 |   8 |  743.1 |
       Dungeon |   5366 |   5191 |    175 |    192 |   3887 |   6 |  894.3 |
        Temple |      1 |      1 |      0 |      0 |      0 |   1 |    1.0 |
         Sewer |    577 |    577 |      0 |      0 |    379 |   1 |  577.0 |
               +--------+--------+--------+--------+--------+-----+--------+

Top non-repeatable levels by time:
     D:5: 1307 daAuts
     D:1: 1214 daAuts
     D:4: 876 daAuts
     D:2: 845 daAuts
     D:3: 832 daAuts
   Sewer: 577 daAuts
     D:6: 289 daAuts
  Temple: 1 daAuts
